 Dungeon Crawl Stone Soup version 0.21-a0-13-g3fd62ac (webtiles) character file.

10177 juanjsm the Covert (level 11, -5/56 HPs)
             Began as a Spriggan Enchanter on May 23, 2017.
             Was a High Priest of Okawaru.
             Killed by the air
             ... invoked by Gastronok
              (27 damage)
             ... on level 3 of the Lair of Beasts.
             The game lasted 00:47:43 (9984 turns).

juanjsm the Covert (Spriggan Enchanter)             Turns: 9984, Time: 00:47:43

Health: -5/56      AC:  2    Str:  4    XL:     11   Next: 32%
Magic:  13/33      EV: 28    Int: 18    God:    Okawaru [*****.]
Gold:   579        SH:  0    Dex: 19    Spells: 18/27 levels left

rFire    . . .     SeeInvis +   h - +9 dagger "Zoash" {flame, *Corrode +Inv rElec rC+}
rCold    + . .     Gourm    .   (shield restricted)
rNeg     . . .     Faith    .   b - +0 robe
rPois    .         Spirit   .   V - +0 hat
rElec    +         Reflect  .   e - scarf {repulsion}
rCorr    .         Harm     .   (gloves unavailable)
MR       +....                  (boots unavailable)
Stlth    +++++.....             m - amulet of magic regeneration
Regen    0.2/turn               i - +1 ring of evasion
MPRegen  0.4/turn               j - ring of magical power

@: repel missiles, very quick
A: unfitting armour, see invisible, agile 1, dopey 1, herbivore 3, speed 3, slow
metabolism 2, wild magic 1, MP-powered wands, sturdy frame 1
a: Heroism, Finesse, Renounce Religion, Evoke Invisibility


You were on level 3 of the Lair of Beasts.
You worshipped Okawaru.
Okawaru was extremely pleased with you.
You were not hungry.

You visited 3 branches of the dungeon, and saw 12 of its levels.
You also visited: Ossuary and Volcano.

You collected 579 gold pieces.

Inventory:

Hand Weapons
 h - the +9 dagger "Zoash" (weapon) {flame, *Corrode +Inv rElec rC+}
   (You found it on level 8 of the Dungeon)

   It has been specially enchanted to burn those struck by it, causing extra
   injury to most foes and up to half again as much damage against particularly
   susceptible opponents.
   It protects you from cold.
   It insulates you from electricity.
   It lets you turn invisible.
   It may corrode you when you take damage.
Missiles
 E - a throwing net (quivered)
Armour
 b - a +0 robe (worn)
 e - a scarf of repulsion (worn)
 Q - a +0 buckler
 V - a +0 hat (worn)
Jewellery
 i - a +1 ring of evasion (left hand)
 j - a ring of magical power (right hand)
 m - an amulet of magic regeneration (around neck)
Scrolls
 a - a scroll of identify
 n - 2 scrolls of amnesia {unknown}
 w - a scroll of noise {unknown}
 y - 3 scrolls of immolation {unknown}
 B - a scroll of holy word {unknown}
 C - a scroll of torment {unknown}
 F - 2 scrolls of recharging {unknown}
 N - 2 scrolls of blinking {unknown}
 O - a scroll of fog {unknown}
 P - 3 scrolls of enchant armour {unknown}
 R - a scroll of acquirement {unknown}
 W - a scroll of teleportation {unknown}
Potions
 f - 2 potions of invisibility
 l - 4 potions of brilliance
 o - 4 potions of haste
 p - 8 potions of curing
 s - a potion of might {unknown}
 u - 2 potions of ambrosia {unknown}
 v - 4 potions of lignification
 x - 3 potions of flight
 z - 4 potions of agility
 A - a potion of heal wounds {unknown}
 I - a potion of cancellation {unknown}
 T - 2 potions of berserk rage {unknown}
 U - 3 potions of resistance {unknown}
Comestibles
 d - 5 bread rations


   Skills:
 + Level 5.5 Fighting
 + Level 7.3 Short Blades
 + Level 9.8 Dodging
 + Level 11.5 Stealth
 + Level 3.9 Shields
 + Level 8.8 Spellcasting
 + Level 9.0 Hexes
 + Level 5.0 Evocations


You had 18 spell levels left.
You knew the following spells:

 Your Spells              Type           Power        Failure   Level  Hunger
a - Corona                Hex            ######.      1%          1    None
b - Ensorcelled Hibernat  Hex/Ice        ####..       3%          2    None
c - Confuse               Hex            ######..     1%          3    None
d - Dazzling Spray        Conj/Hex       ####..       7%          3    None


Dungeon Overview and Level Annotations

Branches:
Dungeon (8/15)             Temple (1/1) D:6            Lair (3/6) D:8
 Shoals (0/4) Lair:2
  Snake: Lair:2-4    Spider: Lair:2-4

Altars:
Ashenzari
Cheibriados
Dithmenos
Elyvilon
Fedhas
Gozag
Hepliaklqana
Kikubaaqudgha
Makhleb
Nemelex Xobeh
Okawaru
Qazlal
Ru
Sif Muna
Trog
Uskayaw
Vehumet
Wu Jian
Xom
Yredelemnul
Zin
The Shining One

Shops:
D:6 *

Annotations:
Lair:3 Gastronok


Innate Abilities, Weirdness & Mutations

You are very small and have problems with some larger weapons.
You are too small for most types of armour.
You have supernaturally acute eyesight. (SInv)
You are a herbivore.
You cover ground extremely quickly.
You need consume almost no food.
You are agile. (Dex +2)
You are dopey. (Int -2)
Your spells are a little harder to cast, but a little more powerful.
You expend magic power (3 MP) to strengthen your wands.
Your movements are slightly less encumbered by armour. (ER -2)


Message History

Confirm with . or Enter, or press ? or * to list all spells.
Aiming: Confuse
Press: ? - help, Shift-Dir - straight line, f/p - Gastronok
Aim: Gastronok, wearing a glowing hat (covering ground quickly, chance to defeat MR: 23%) Gastronok resists with almost no effort.
Casting: Confuse
Confirm with . or Enter, or press ? or * to list all spells.
Aiming: Confuse
Press: ? - help, Shift-Dir - straight line, f/p - Gastronok
Aim: Gastronok, wearing a glowing hat (covering ground quickly, chance to defeat MR: 23%) Gastronok resists with almost no effort.
Casting: Confuse
Confirm with . or Enter, or press ? or * to list all spells.
Aiming: Confuse
Press: ? - help, Shift-Dir - straight line, f/p - Gastronok
Aim: Gastronok, wearing a glowing hat (covering ground quickly, chance to defeat MR: 23%) Gastronok resists with almost no effort.
Gastronok waves his eye-stalks in wide circles.
The air twists around and strikes you!
You die...

#.....##
#.....###P.##
#......##
.............
##....<..##
.............
#.........###
..........<..
#..........P#
..............
##......w..##
P..............
#..........#
#P.............
#..........##
#P............
#..........@#
#............
#............#
#...........
#...........##
#....^......
#............
##....##.#P.
............#
###..####..
...........#
#..#.# #..
...........
##...## ...
..........###...##
. ......#.#..###


You could see Gastronok.

Vanquished Creatures
  A hydra (Lair:2)
  The ghost of graki42 the Basher, a novice GrFi of the Shining One (D:5)
  A merfolk siren (Lair:2)
  Joseph (Lair:1)
  A black mamba (Lair:2)
  4 spiny frogs
  A rime drake (Lair:2)
  2 komodo dragons
  A polar bear (Lair:1)
  Prince Ribbit (D:7)
  Grinder (D:4)
  3 hippogriffs
  4 fire bats (Volcano)
  A wraith (Ossuary)
  6 yaks (Lair:1)
  6 water moccasins
  4 porcupines
  3 orc warriors
  2 sky beasts
  An ice beast (D:7)
  A necrophage (D:8)
  A phantom (D:5)
  3 centaurs
  9 bullfrogs
  2 scorpions
  4 killer bees (D:8)
  4 wights (D:8)
  3 crimson imps
  A lava snake (Volcano)
  A quasit (D:7)
  2 iguanas
  3 orc wizards
  A worker ant (D:8)
  A mummy (Ossuary)
  4 gnolls (D:5)
  A howler monkey skeleton (D:8)
  10 adders
  2 oozes
  An adder skeleton (D:4)
  A dart slug (D:1)
  2 leopard geckos
  14 orcs
  6 giant cockroaches
  3 goblins
  5 hobgoblins
  9 jackals
  5 quokkas
  8 bats
  5 frilled lizards
  8 gnoll skeletons (Ossuary)
  5 kobolds
  6 kobold skeletons (Ossuary)
  11 orc skeletons (Ossuary)
  2 quokka skeletons
  5 rats
194 creatures vanquished.

Vanquished Creatures (others)
  A plant (Lair:2)
1 creature vanquished.

Grand Total: 195 creatures vanquished

Notes
Turn   | Place    | Note
-------+----------+-------------------------------------------
     0 | D:1      | juanjsm the Spriggan Enchanter began the quest for the Orb.
     0 | D:1      | Reached XP level 1. HP: 9/9 MP: 5/5
   400 | D:1      | Reached XP level 2. HP: 7/13 MP: 6/6
   409 | D:1      | Learned a level 2 spell: Ensorcelled Hibernation
  1584 | D:2      | Reached XP level 3. HP: 17/17 MP: 8/8
  1589 | D:2      | Learned a level 3 spell: Confuse
  1673 | D:2      | Reached skill level 5 in Stealth
  2530 | D:3      | Reached XP level 4. HP: 19/21 MP: 9/9
  2697 | D:3      | Reached skill level 1 in Fighting
  2783 | D:3      | Noticed a sky beast
  3248 | D:3      | Killed a sky beast
  3248 | D:3      | Reached XP level 5. HP: 25/25 MP: 11/11
  3345 | D:3      | Learned a level 3 spell: Dazzling Spray
  3385 | D:4      | Found a sand-covered staircase.
  3390 | Ossuary  | Entered an ossuary
  3390 | Ossuary  | Noticed a wraith
  3390 | Ossuary  | Noticed a wraith
  3390 | Ossuary  | Noticed a wraith
  3827 | Ossuary  | Noticed a wraith
  3900 | Ossuary  | Killed a wraith
  3900 | Ossuary  | Reached skill level 6 in Stealth
  3900 | Ossuary  | Reached skill level 5 in Hexes
  3900 | Ossuary  | Reached XP level 6. HP: 30/30 MP: 4/13
  3944 | D:4      | Gained mutation: You are surrounded by a mild repulsion field. (EV +2) [potion of mutation]
  3945 | D:4      | Lost mutation: You are surrounded by a mild repulsion field. (EV +2) [potion of mutation]
  3945 | D:4      | Gained mutation: You are partially covered in yellow scales. (AC +2) [potion of mutation]
  3945 | D:4      | Gained mutation: Your mind is acute. (Int +2) [potion of mutation]
  4037 | D:4      | Found a white marble altar of Elyvilon.
  4356 | D:4      | Noticed Grinder
  4381 | D:4      | Killed Grinder
  4381 | D:4      | Reached skill level 5 in Dodging
  4381 | D:4      | Reached XP level 7. HP: 35/35 MP: 14/14
  4541 | D:5      | Entered Level 5 of the Dungeon
  4636 | D:5      | You fall through a shaft for 3 floors!
  4798 | D:6      | Found Timaucw's Assorted Antiques.
  4826 | D:6      | Found a staircase to the Ecumenical Temple.
  4834 | D:5      | Found a shadowy altar of Dithmenos.
  4892 | D:5      | Noticed graki42's ghost (novice GrFi)
  4916 | D:5      | Killed graki42's ghost
  4916 | D:5      | Reached skill level 7 in Stealth
  4916 | D:5      | Reached skill level 5 in Spellcasting
  4916 | D:5      | Reached XP level 8. HP: 26/40 MP: 17/17
  5667 | D:6      | Reached skill level 8 in Stealth
  5672 | D:6      | Found a hide-covered altar of Uskayaw.
  5993 | D:6      | Got an ancient tin ring
  6198 | D:6      | Reached skill level 5 in Short Blades
  6241 | Temple   | Entered the Ecumenical Temple
  6250 | Temple   | Became a worshipper of Warmaster Okawaru
  6664 | D:7      | Noticed a hippogriff
  6664 | D:7      | Noticed Prince Ribbit
  6678 | D:7      | Killed a hippogriff
  6678 | D:7      | Reached XP level 9. HP: 45/45 MP: 19/19
  6690 | D:7      | Killed Prince Ribbit
  6690 | D:7      | Reached * piety under Okawaru
  6690 | D:7      | Reached skill level 1 in Shields
  6719 | D:7      | Found an opulent altar of Gozag.
  6782 | D:7      | Lost mutation: Your mind is acute. (Int +2) [potion of mutation]
  6782 | D:7      | Gained mutation: You are clumsy. (Dex -2) [potion of mutation]
  6782 | D:7      | Gained mutation: You occasionally shout uncontrollably at your foes. [potion of mutation]
  6782 | D:7      | Gained mutation: You are partially covered in rugged brown scales. (AC +1, +3% HP) [potion of mutation]
  6782 | D:7      | Gained mutation: You are robust. (+10% HP) [potion of mutation]
  6783 | D:7      | Lost mutation: You are clumsy. (Dex -2) [potion of mutation]
  6783 | D:7      | Lost mutation: You are robust. (+10% HP) [potion of mutation]
  6783 | D:7      | Lost mutation: You occasionally shout uncontrollably at your foes. [potion of mutation]
  6783 | D:7      | Gained mutation: You possess an exceptional clarity of mind. [potion of mutation]
  6783 | D:7      | Gained mutation: You have large cloven feet. [potion of mutation]
  6839 | D:7      | Identified the ring of Haqod {Fire Int-5 Dex+4 Stlth+} (You found it on level 6 of the Dungeon)
  7276 | D:8      | Reached skill level 9 in Stealth
  7457 | D:8      | Lost mutation: You possess an exceptional clarity of mind. [potion of mutation]
  7457 | D:8      | Lost mutation: You are partially covered in yellow scales. (AC +2) [potion of mutation]
  7457 | D:8      | Lost mutation: You are partially covered in rugged brown scales. (AC +1, +3% HP) [potion of mutation]
  7457 | D:8      | Lost mutation: You have large cloven feet. [potion of mutation]
  7457 | D:8      | Gained mutation: You expend magic power (3 MP) to strengthen your wands. [potion of mutation]
  7457 | D:8      | Gained mutation: You possess an exceptional clarity of mind. [potion of mutation]
  7458 | D:8      | Lost mutation: You possess an exceptional clarity of mind. [potion of mutation]
  7458 | D:8      | Gained mutation: You are agile. (Dex +2) [potion of mutation]
  7458 | D:8      | Gained mutation: You are dopey. (Int -2) [potion of mutation]
  7458 | D:8      | Gained mutation: Your movements are slightly less encumbered by armour. (ER -2) [potion of mutation]
  7458 | D:8      | Gained mutation: Your spells are a little harder to cast, but a little more powerful. [potion of mutation]
  7533 | D:8      | Reached ** piety under Okawaru
  7552 | D:8      | Got a slimy dagger
  7553 | D:8      | Identified the +9 dagger "Zoash" {flame, *Corrode +Inv rElec rC+} (You found it on level 8 of the Dungeon)
  7663 | D:8      | Found a staircase to the Lair.
  7701 | Lair:1   | Entered Level 1 of the Lair of Beasts
  7847 | Lair:2   | Noticed a spiny frog
  7871 | Lair:2   | Killed a spiny frog
  7871 | Lair:2   | Reached skill level 10 in Stealth
  7871 | Lair:2   | Reached skill level 1 in Evocations
  7871 | Lair:2   | Reached XP level 10. HP: 40/51 MP: 22/22
  7935 | Lair:2   | Noticed a merfolk siren
  8008 | Lair:2   | Reached *** piety under Okawaru
  8054 | Lair:1   | Noticed a spiny frog
  8073 | Lair:1   | Killed a spiny frog
  8256 | Lair:1   | Reached **** piety under Okawaru
  8278 | Lair:1   | Reached skill level 5 in Fighting
  8523 | Lair:1   | Noticed Joseph
  8546 | Lair:1   | Killed Joseph
  8546 | Lair:1   | Received a gift from Okawaru
  8546 | Lair:1   | Reached skill level 11 in Stealth
  8606 | Lair:1   | Found a dark tunnel.
  8722 | Volcano  | Entered a volcano
  8762 | Volcano  | HP: 1/51 [fire bat (9)]
  9260 | Lair:1   | Reached ***** piety under Okawaru
  9260 | Lair:1   | Reached XP level 11. HP: 34/56 MP: 24/24
  9440 | Lair:2   | Noticed an eight-headed hydra
  9459 | Lair:2   | Killed an eight-headed hydra
  9832 | Lair:2   | Found a staircase to the Shoals.
  9838 | Lair:2   | Reached skill level 5 in Evocations
  9970 | Lair:3   | Noticed Gastronok
  9984 | Lair:3   | Killed from afar by Gastronok

Vault maps used:
D:1:      dpeg_arrival_central
D:2:      minmay_door_path, first_bread
D:4:      lemuel_round_altar, enter_ossuary_2, uniq_grinder
D:5:      grunt_dithmenos_smoke_and_mirrors
D:6:      minmay_temple_entry_large_hall, serial_shops, shop_fountains,
          basic_altar, roderic_lattice_a
D:7:      basic_altar, uniq_prince_ribbit1
D:8:      grunt_lair_entry_orc_guard_hut
Temple:   compressed_dpeg_triangle_lava_temple
Lair:1:   enter_volcano_4, uniq_joseph
Lair:2:   minmay_shoals_entry_lonely_mermaid
Lair:3:   spider_nest_entry_funnel_web, nicolae_quartered_pool_super, uniq_urug,
          uniq_rupert, uniq_gastronok
Ossuary:  ossuary_due_mausoleum
Volcano:  volcano_grotto

Skill      XL: |  1  2  3  4  5  6  7  8  9 10 11 |
---------------+----------------------------------+-----
Spellcasting   | 3 4 5 6 7 8 |  8.8
Hexes          | 4 5 6 7 8 9 |  9.0
Stealth        | 5 6 7 8 10 11 | 11.5
Fighting       | 1 2 3 4 5 |  5.5
Short Blades   | 2 3 4 5 7 |  7.3
Dodging        | 4 5 6 7 8 9 |  9.8
Shields        | 2 3 |  3.9
Evocations     | 1 4 5 |  5.0

Action                   |  1- 3 |  4- 6 |  7- 9 | 10-12 || total
-------------------------+-------+-------+-------+-------++-------
Melee: Dagger            |   115 |   173 |   159 |    56 ||   503
       Kick              |       |       |     7 |       ||     7
Throw: Throwing net      |       |       |     1 |       ||     1
 Cast: Corona            |    12 |       |     1 |       ||    13
       Ensorcelled Hiber |    40 |    20 |    71 |    47 ||   178
       Confuse           |       |    31 |    32 |    19 ||    82
       Dazzling Spray    |       |       |     3 |       ||     3
  Use: Scroll            |     4 |     3 |     5 |     1 ||    13
       Potion            |       |     2 |     4 |       ||     6
 Stab: Sleeping          |    27 |    14 |    49 |    30 ||   120
       Confused          |       |    12 |    23 |     4 ||    39
       Distracted        |       |     1 |     1 |       ||     2
       Invisible         |       |       |     3 |       ||     3
  Eat: Royal jelly       |     1 |     1 |       |     2 ||     4
       Bread ration      |       |     1 |       |       ||     1
Armor: Robe              |    10 |    10 |     9 |       ||    29
Dodge: Dodged            |    99 |    96 |   128 |    55 ||   378
       Deflected         |       |       |       |     3 ||     3
